 Dungeon Crawl Stone Soup version 0.31-a0-1074-g0b22e4e0f1 (webtiles) character file.

Game seed: 5201414312016271053

30 promet the Grasshopper (level 3, -1/18 HPs)
             Began as a Spriggan Warper on Nov 27, 2023.
             Killed from afar by Natasha (3 damage)
             ... with a magic dart
             ... on level 2 of the Dungeon.
             The game lasted 00:07:57 (1857 turns).

promet the Grasshopper (Spriggan Warper)            Turns: 1857, Time: 00:08:00

Health: -1/18      AC:  2    Str:  9    XL:     3   Next: 5%
Magic:  8/8        EV: 18    Int: 14    God:
Gold:   53         SH:  0    Dex: 14    Spells: 5/7 levels left

rFire   . . .        a - +0 short sword
rCold   . . .        (no shield)
rNeg    . . .        b - +0 robe
rPois   .            (helmet restricted)
rElec   .            (no cloak)
rCorr   .            (gloves unavailable)
SInv    +            (boots unavailable)
Will    +....        f - amulet of the acrobat
Stlth   ++           g - ring of wizardry
HPRegen 0.23/turn    (no ring)
MPRegen 0.11/turn

%: acrobat, wizardry (x1)
@: enlightened, flying, very quick
A: very small, no large weapons, unfitting armour, see invisible, speed 3
a: no special abilities


You were on level 2 of the Dungeon.
You visited 1 branch of the dungeon, and saw 2 of its levels.

You collected 53 gold pieces.

Inventory:

Hand Weapons
 a - a +0 short sword (weapon)
 e - a +1 long sword
 h - a +1 mace of holy wrath
Missiles
 d - 7 darts of dispersal
 j - 6 boomerangs (quivered)
Armour
 b - a +0 robe (worn)
Jewellery
 f - an amulet of the acrobat (around neck)
 g - a ring of wizardry (left hand)
Potions
 i - a potion of brilliance
 k - a potion of enlightenment
 l - 2 potions of haste {unknown}


   Skills:
 * Level 1.8 Fighting
 + Level 2.7 Short Blades
 + Level 1.1 Throwing
 + Level 3.6 Dodging
 + Level 0.6 Stealth
 + Level 2.8 Spellcasting
 + Level 4.8 Translocations


You had 5 spell levels left.
You knew the following spells:

 Your Spells              Type           Power      Damage    Failure   Level
a - Blink                 Tloc           30%        N/A       1%          2

Your spell library contained the following spells:

 Spells                   Type           Power      Damage    Failure   Level
 Lesser Beckoning         Tloc           30%        N/A       1%          2
 Teleport Other           Tloc           15%        N/A       3%          3
 Necrotise                Necr           8%         1d4       9%          1
 Manifold Assault         Tloc           15%        N/A       12%         4
 Vhi's Electric Charge    Tloc/Air       16%        N/A       32%         4


Dungeon Overview and Level Annotations

Branches:
Dungeon (2/15)

Altars:

Annotations:
D:2 Natasha, Robin


Innate Abilities, Weirdness & Mutations

You are very small and have problems with some larger weapons.
You are too small for most types of armour.
You have supernaturally acute eyesight. (SInv)
You cover ground extremely quickly. (Speed+++)


Message History

You start resting.
HP restored.
You start waiting.
Done waiting.
You climb downwards.
Level annotation: Natasha, Robin
There is a stone staircase leading up here.
You hit the hobgoblin.
The hobgoblin is severely wounded.
The hobgoblin barely misses you.
You hit the hobgoblin.
You kill the hobgoblin!
You see here a hobgoblin corpse.
There is an open door here.
Natasha completely misses you.
You closely miss Natasha. Natasha completely misses you.
You closely miss Natasha. Natasha claws you!
Ouch! That really hurt!
You hit Natasha.
Natasha is moderately wounded.
You hit Natasha.
Natasha is heavily wounded.
Natasha barely misses you.
You completely miss Natasha.
Natasha is heavily wounded.
Natasha closely misses you.
You hit Natasha but do no damage.
Natasha is heavily wounded.
Natasha mumbles some strange words.
You hit Natasha but do no damage.
Natasha is heavily wounded.
Natasha claws you!
* * * LOW HITPOINT WARNING * * *
It was a potion of enlightenment.
You feel very buoyant.
You fly up into the air.
Natasha casts a spell at you. The magic dart hits you.
You die...
Natasha begins licking her fur clean.

#.#####...#.....#
#.# ###.......#
..# ##....### ###
#.(....# #....^.#
#......### #######
#......5g# #.....#
#......#h# #.....#
##....##@###.....#
#######.#.......#
#.#....รท..#
#.'.......#
###......##
#......# #......#
###..### .##
##..##### #.#.


You could see Natasha, a cerulean imp (summoned) and a goblin.

Vanquished Creatures
  An adder (D:2)
  A dart slug (D:1)
  An endoplasm (D:1)
  2 goblins (D:1)
  6 hobgoblins
  2 ball pythons
  A bat (D:2)
  2 kobolds (D:1)
  3 rats (D:1)
19 creatures vanquished.

Notes
Turn   | Place    | Note
-------+----------+-------------------------------------------
     0 | D:1      | promet the Spriggan Warper began the quest for the Orb.
     0 | D:1      | Reached XP level 1. HP: 10/10 MP: 5/5
   484 | D:1      | Reached XP level 2. HP: 6/15 MP: 6/6
   629 | D:1      | Learned a level 2 spell: Blink
  1304 | D:2      | Found a faded altar of an unknown god.
  1311 | D:2      | Got Plato's Reference Book on Corpses
  1587 | D:2      | Noticed Natasha
  1589 | D:2      | Noticed Robin
  1683 | D:2      | Reached XP level 3. HP: 12/18 MP: 8/8
  1857 | D:2      | Killed from afar by Natasha

Illustrated notes

Levels and vault maps discovered:
D:1:      heliophobic_arrival_enchanted_forest, layout_rooms
D:2:      layout_basic, basic_altar, shapermc_ecumenical_altar_rom_forum,
          kennysheep_doodads, uniq_robin, uniq_natasha

Action                     || total
---------------------------++-------
  Melee: Short sword       ||    75
  Throw: Boomerang         ||     8
   Cast: Blink             ||     4
    Use: Scroll            ||     5
         Potion            ||     1
   Stab: Sleeping          ||     1
 Armour: Robe              ||    17
  Dodge: Dodged            ||    45

Table legend: (Time is in decaauts)
 A = Elapsed time spent in this place.
 B = Non-inter-level travel time spent in this place.
 C = Inter-level travel time spent in this place.
 D = Time resting spent in this place.
 E = Time spent auto-exploring this place.
 F = Levels seen in this place.
 G = Mean time per level.
                   A        B        C        D        E       F      G
               +--------+--------+--------+--------+--------+-----+--------+
         Total |   1569 |   1569 |      0 |    978 |    183 |   2 |  784.5 |
       Dungeon |   1569 |   1569 |      0 |    978 |    183 |   2 |  784.5 |
               +--------+--------+--------+--------+--------+-----+--------+

Top non-repeatable levels by time:
     D:1: 988 daAuts
     D:2: 580 daAuts
